 Dungeon Crawl Stone Soup version 0.28.0-43-g3370ac3207 (webtiles) character file.

Game seed: 17726885130334769066

165 sking99 the Charlatan (level 5, -5/37 HPs)
             Began as a Demonspawn Artificer on Mar 25, 2022.
             Killed from afar by Grinder (10 damage)
             ... with a puff of flame
             ... on level 3 of the Dungeon.
             The game lasted 00:07:39 (3588 turns).

sking99 the Charlatan (Demonspawn Artificer)        Turns: 3588, Time: 00:07:40

Health: -5/37      AC:  5    Str: 20    XL:     5   Next: 21%
Magic:  5/5        EV: 10    Int: 12    God:
Gold:   77         SH:  4    Dex: 14    Spells: 4/4 levels left

rFire   . . .      SeeInvis .   p - +0 war axe
rCold   . . .      Faith    .   f - +0 buckler
rNeg    . . .      Spirit   .   o - +0 ring mail
rPois   .          Reflect  .   (no helmet)
rElec   .          Harm     .   (no cloak)
rCorr   .          Rampage  .   (no gloves)
Will    .....                   (no boots)
Stlth   +.........              (no amulet)
HPRegen 0.12/turn               m - +6 ring of strength
MPRegen 0.09/turn               (no ring)

@: no status effects
A: icemail 1, condensation shield, demonic touch 1
a: no special abilities


You were on level 3 of the Dungeon.
You visited 1 branch of the dungeon, and saw 3 of its levels.

You collected 77 gold pieces.

Inventory:

Hand Weapons
 a - a +0 club
 p - a +0 war axe (weapon)
Armour
 f - a +0 buckler (worn)
 o - a +0 ring mail (worn)
Jewellery
 l - a ring of wizardry
 m - a +6 ring of strength (left hand)
Wands
 c - a wand of flame (13) (quivered)
 d - a wand of charming (15)
Scrolls
 h - 2 scrolls of blinking {unknown}
 j - 2 scrolls of identify {unknown}
 n - 4 scrolls of teleportation {unknown}
Potions
 b - a potion of resistance {unknown}
 g - a potion of heal wounds
 i - a potion of flight {unknown}
 k - 3 potions of lignification {unknown}
Miscellaneous
 e - a piece from Xom's chessboard (12/15)


   Skills:
 - Level 1.1 Fighting
 * Level 1.1(2.0) Axes
 - Level 2.5(2.7) Maces & Flails
 - Level 1.9 Armour
 - Level 1.0 Dodging
 - Level 1.0 Stealth
 + Level 1.8 Shields
 + Level 3.9 Evocations


You had 4 spell levels left.
You didn't know any spells.
Your spell library contained the following spells:

 Spells                   Type           Power      Damage    Failure   Level
 Confusing Touch          Hex            0%         N/A       92%         3
 Yara's Violent Unravell  Hex/Tmut       0%         3d3       100%        5
 Enfeeble                 Hex            0%         N/A       100%        7


Dungeon Overview and Level Annotations

Branches:
Dungeon (3/15)

Altars:
Kikubaaqudgha
Xom

Shops:
D:1 !   D:2 :*[

Annotations:
D:3 Grinder


Innate Abilities, Weirdness & Mutations

A meltable icy envelope protects you from harm. (AC +0)
A meltable shield of frost defends you. (SH +0)
Your touch may inflict minor irresistible damage on your foes.


Message History

* * * LOW HITPOINT WARNING * * *
Grinder stops moving altogether!
The helpless Grinder fails to defend herself.
You slash Grinder!
Grinder is moderately wounded.
Grinder stops glowing.
The helpless Grinder fails to defend herself.
You slash Grinder!
Grinder is moderately wounded.
The helpless Grinder fails to defend herself.
You hit Grinder.
Grinder is moderately wounded.
The helpless Grinder fails to defend herself.
You hit Grinder.
Grinder is heavily wounded.
The helpless Grinder fails to defend herself.
You hit Grinder but do no damage.
Grinder is heavily wounded.
The helpless Grinder fails to defend herself.
You slash Grinder!
Grinder is heavily wounded.
Grinder is no longer petrified.
Grinder blinks!
Grinder zaps a wand.
You block the puff of flame.
Grinder says, "Just stop there for a second..."
Grinder gestures at you. You resist with significant effort.
There is an open door here.
Grinder blinks!
You close the door.
Something unseen opens the door.
Your icy envelope is restored.
There is an ancient bone altar of Kikubaaqudgha here.
You start resting.
Grinder is nearby!
Grinder blinks!
Grinder zaps a wand.
The puff of flame hits you.
Your icy defenses dissipate!
* * * LOW HITPOINT WARNING * * *
Grinder zaps a wand.
The puff of flame hits you!
You die...

##.###.## #.##..## #.# ##...##
#.##..# #.. ##.## #)....# #.# #.#
####+## #.. #####.## ##...## ###
#......# ##.....## ## ##
#.###..## ##..>....## ##.
.######.###...####.........####..
.##.......5.....@'.........'.....
.##.###.##....####...#####.####..
....# #.##.#.## ##..#ยง#.### ##.
##### #.##.#.# ##.#.#.# ##
#......# #.#...### ####...#
#.+._.'.# ###.# ###..5#.###### #
#.#########5#^#....... #
#.........#.#.#<.#####


You could see Grinder.

Vanquished Creatures
  3 crimson imps
  2 adders
  2 dart slugs (D:1)
  4 orcs (D:3)
  5 bats
  3 endoplasms
  3 giant cockroaches
  3 goblins
  4 hobgoblins
  5 ball pythons
  3 kobolds
37 creatures vanquished.

Notes
Turn   | Place    | Note
-------+----------+-------------------------------------------
     0 | D:1      | sking99 the Demonspawn Artificer began the quest for the
                  | Orb.
     0 | D:1      | Reached XP level 1. HP: 15/15 MP: 1/1
   152 | D:1      | Reached skill level 1 in Dodging
   152 | D:1      | Reached skill level 1 in Stealth
   474 | D:1      | Gained mutation: A meltable shield of frost defends you.
                  | (SH +0) [demonic ancestry]
   474 | D:1      | Reached XP level 2. HP: 16/21 MP: 2/2
   675 | D:1      | Found Sij Fuso's Distillery.
   727 | D:1      | Reached skill level 1 in Maces & Flails
  1454 | D:2      | Gained mutation: Your touch may inflict minor irresistible
                  | damage on your foes. [demonic ancestry]
  1454 | D:2      | Reached XP level 3. HP: 20/26 MP: 3/3
  1596 | D:2      | Found Viday's Antique Armour Boutique.
  1627 | D:2      | Found Kerphoixtu's General Store.
  1929 | D:2      | Found Jiteh's Book Emporium.
  2271 | D:3      | Found a shimmering altar of Xom.
  2457 | D:2      | Reached skill level 1 in Shields
  2457 | D:2      | Reached XP level 4. HP: 7/32 MP: 4/4
  2986 | D:3      | Found an ancient bone altar of Kikubaaqudgha.
  3397 | D:3      | Reached skill level 1 in Axes
  3397 | D:3      | Gained mutation: A meltable icy envelope protects you from
                  | harm. (AC +0) [demonic ancestry]
  3397 | D:3      | Reached XP level 5. HP: 37/37 MP: 5/5
  3530 | D:3      | Noticed Grinder
  3588 | D:3      | Killed from afar by Grinder

Illustrated notes

Levels and vault maps discovered:
D:1:      nzn_arrival_water_spiral, layout_rooms, serial_shops, shop
D:2:      layout_loops_ring, serial_shops, nicolae_shop_stone,
          nicolae_shop_hallway_stairs, nicolae_shop_overgrown_old_shop
D:3:      layout_loops_corners, nicolae_overflow_crystal_walls, led_xom_imps,
          kennysheep_big_empty_room, uniq_grinder, uniq_crazy_yiuf_cottage

Skill      XL: |  1  2  3  4 |
---------------+-------------+-----
Dodging        | 1 |  1.0
Stealth        | 1 |  1.0
Maces & Flails | 1 2 |  2.5
Shields        | 1 |  1.8
Axes           | 1 |  1.1
Fighting       | |  1.1
Armour         | |  1.9
Evocations     | |  3.9

Action                   |  1- 3 |  4- 6 || total
-------------------------+-------+-------++-------
Melee: Club              |   180 |    79 ||   259
       War axe           |       |    46 ||    46
Evoke: Wand              |     2 |       ||     2
       Piece from Xom's  |       |     5 ||     5
  Use: Potion            |     1 |     1 ||     2
 Stab: Sleeping          |     1 |       ||     1
       Paralysed         |       |     8 ||     8
       Petrified         |       |     6 ||     6
Armor: Leather armour    |    35 |       ||    35
       Ring mail         |    13 |    29 ||    42
Dodge: Dodged            |   103 |    36 ||   139
Block: Buckler           |    69 |    34 ||   103
